 Dungeon Crawl Stone Soup version 0.23.2-1-ga50397a6bc (webtiles) character file.

Game seed: 10172692151360387208

1729 MachJacob the Cleaver (level 9, 0/75 HPs)
             Began as a Hill Orc Fighter on Apr 15, 2019.
             Was a Follower of Qazlal.
             Killed from afar by a steam dragon (11 damage)
             ... with a ball of steam
             ... on level 7 of the Dungeon.
             The game lasted 01:19:31 (4863 turns).

MachJacob the Cleaver (Hill Orc Fighter)            Turns: 4863, Time: 01:19:32

Health: 0/75       AC: 19    Str: 21 (22) XL:     9   Next: 5%
Magic:  9/9        EV:  6    Int:  8      God:    Qazlal [*.....]
Gold:   315        SH: 12    Dex:  8 (10) Spells: 8/8 levels left

rFire    . . .     SeeInvis .   K - +1 mace (protect)
rCold    . . .     Gourm    +   c - +0 shield
rNeg     . . .     Faith    .   y - +1 chain mail
rPois    .         Spirit   .   (no helmet)
rElec    .         Reflect  .   (no cloak)
rCorr    .         Harm     .   x - +0 pair of gloves
MR       .....                  (no boots)
Stlth    ..........             w - amulet of the gourmand
HPRegen  0.22/turn              (no ring)
MPRegen  0.11/turn              (no ring)

@: protection aura, studying Throwing
A: no striking features
a: Renounce Religion


You were on level 7 of the Dungeon.
You worshipped Qazlal.
Qazlal was aware of your devotion.
You were not hungry.

You visited 1 branch of the dungeon, and saw 7 of its levels.

You collected 315 gold pieces.

Inventory:

Hand Weapons
 a - a +0 war axe
 g - a +0 shortbow
 j - a +0 hand axe
 A - a -2 spear
 K - a +1 mace of protection (weapon)
Missiles
 o - 8 tomahawks (quivered)
 F - 7 arrows
Armour
 b - a +0 scale mail
 c - a +0 shield (worn)
 p - a +0 centaur barding
 t - a +0 scale mail
 u - a +0 leather armour
 x - a +0 pair of gloves (worn)
 y - a +1 chain mail (worn)
 D - a +0 ring mail
Jewellery
 w - an amulet of the gourmand (around neck)
Wands
 B - a wand of scattershot (5)
Scrolls
 e - a scroll of fear {unknown}
 k - a scroll of enchant weapon {unknown}
 l - 4 scrolls of enchant armour
 m - a scroll of random uselessness
 n - 2 scrolls of remove curse
 q - a scroll of teleportation {unknown}
 r - a scroll of amnesia
 z - a scroll of magic mapping {unknown}
 E - a scroll of fog {unknown}
 I - a scroll of immolation {unknown}
 J - a scroll of identify
Potions
 d - 2 potions of degeneration
 h - a potion of heal wounds {unknown}
 i - a potion of lignification
 s - a potion of agility
 v - a potion of haste
Books
 G - a manual of Throwing
Comestibles
 f - 9 rations
 H - 3 chunks of flesh


   Skills:
 + Level 6.0 Fighting
 + Level 9.2(9.4) Axes
 + Level 2.7(5.5) Maces & Flails
 + Level 1.8 Throwing
 + Level 6.0 Armour
 + Level 1.6 Dodging
 + Level 0.3 Stealth
 + Level 6.3 Shields


You had 8 spell levels left.
You didn't know any spells.
Your spell library was empty.

Dungeon Overview and Level Annotations

Branches:
Dungeon (7/15)             Temple (0/1) D:6

Altars:
Dithmenos
Qazlal
Ru
Uskayaw
The Shining One


Message History

* * * LOW HITPOINT WARNING * * *
The steam dragon bites you but does no damage.
The steam dragon claws you.
* * * LOW HITPOINT WARNING * * *
You feel better. The steam dragon barely misses you.
The steam dragon claws you.
* * * LOW HITPOINT WARNING * * *
Your chain mail prevents you from hitting the steam dragon.
The steam dragon is lightly wounded.
The steam dragon barely misses you. You block the steam dragon's attack.
You hit the steam dragon.
Your weapon exudes an aura of protection.
The steam dragon is moderately wounded.
The steam dragon bites you but does no damage.
You block the steam dragon's attack.
Your shield and chain mail prevent you from hitting the steam dragon.
The steam dragon is moderately wounded.
The steam dragon breathes steam at you. The ball of steam hits you!
You die...

...............
............#..
...........(..
.....[......#
...........#
#..............(#
#.......# #$.§§.# .
#.......###.D@..##...
#...........†°..§..#
###.......####.(†#..##
#.........####......#
#.#.......#......#..#
#.......[...######....#
##..##......## ##.#
.#..###..#....# .
....##..#####.#


You could see a steam dragon.

Vanquished Creatures
  4 sky beasts (D:5)
  2 ogres (D:5)
  2 phantoms
  2 centaurs
  A crocodile (D:7)
  2 scorpions (D:5)
  2 crimson imps (D:5)
  2 centaur zombies
  A bullfrog zombie (D:6)
  2 hounds (D:4)
  2 jellies
  A centaur skeleton (D:5)
  2 iguanas
  Natasha (twice) (D:4)
  4 worker ants
  A worker ant zombie (D:5)
  5 gnolls
  9 adders
  2 oozes (D:2)
  An adder skeleton (D:6)
  2 dart slugs (D:1)
  3 leopard geckos
  11 orcs
  2 ball pythons
  4 giant cockroaches
  7 goblins
  6 hobgoblins
  3 kobolds (D:1)
  A quokka (D:6)
  7 bats
  6 frilled lizards
  8 rats
109 creatures vanquished.

Vanquished Creatures (others)
  A leopard gecko (D:7)
  A quokka (D:7)
2 creatures vanquished.

Grand Total: 111 creatures vanquished

Notes
Turn   | Place    | Note
-------+----------+-------------------------------------------
     0 | D:1      | MachJacob the Hill Orc Fighter began the quest for the Orb.
     0 | D:1      | Reached XP level 1. HP: 19/19 MP: 1/1
   133 | D:1      | Reached XP level 2. HP: 23/27 MP: 2/2
   344 | D:1      | Reached skill level 1 in Maces & Flails
   445 | D:1      | Reached XP level 3. HP: 32/33 MP: 3/3
   989 | D:2      | Found a glowing golden altar of the Shining One.
  1126 | D:2      | Reached XP level 4. HP: 40/40 MP: 4/4
  1607 | D:3      | Found a faded altar of an unknown god.
  1622 | D:3      | Became a worshipper of Ru the Awakened
  1685 | D:3      | Reached skill level 3 in Axes
  1974 | D:4      | Reached skill level 1 in Dodging
  1974 | D:4      | Reached XP level 5. HP: 20/46 MP: 5/5
  1997 | D:4      | Found a stormy altar of Qazlal.
  2002 | D:4      | Fell from the grace of Ru
  2002 | D:4      | Became a worshipper of Qazlal Stormbringer
  2037 | D:4      | Reached skill level 4 in Axes
  2200 | D:4      | Noticed Natasha
  2214 | D:4      | Killed Natasha
  2353 | D:4      | Reached skill level 5 in Axes
  2353 | D:4      | Reached XP level 6. HP: 27/52 MP: 6/6
  2501 | D:4      | Noticed Natasha
  2508 | D:4      | Killed Natasha
  2582 | D:5      | Entered Level 5 of the Dungeon
  2582 | D:5      | Noticed a phantom
  2602 | D:5      | Killed a phantom
  2702 | D:5      | Reached skill level 6 in Axes
  2702 | D:5      | Reached XP level 7. HP: 43/60 MP: 7/7
  2762 | D:5      | Reached skill level 5 in Fighting
  2971 | D:5      | Reached skill level 7 in Axes
  2971 | D:5      | Reached skill level 5 in Shields
  3018 | D:5      | Reached skill level 1 in Throwing
  3018 | D:5      | Reached XP level 8. HP: 40/69 MP: 8/8
  3025 | D:5      | Found a glowing golden altar of the Shining One.
  3112 | D:5      | Reached skill level 8 in Axes
  3165 | D:5      | Reached skill level 5 in Armour
  3813 | D:6      | Found a hide-covered altar of Uskayaw.
  3857 | D:6      | Found a staircase to the Ecumenical Temple.
  4051 | D:6      | Reached * piety under Qazlal
  4084 | D:6      | Reached skill level 9 in Axes
  4381 | D:6      | Found a shadowy altar of Dithmenos.
  4781 | D:7      | Noticed a deep elf mage
  4841 | D:7      | Reached XP level 9. HP: 65/75 MP: 9/9
  4863 | D:7      | Killed from afar by a steam dragon

Skill      XL: |  1  2  3  4  5  6  7  8 |
---------------+-------------------------+-----
Maces & Flails | 1 2 |  2.7
Shields        | 4 5 6 |  6.3
Axes           | 3 5 6 7 9 |  9.2
Fighting       | 4 5 6 |  6.0
Dodging        | 1 |  1.6
Armour         | 4 6 |  6.0
Throwing       | 1 |  1.8
Stealth        | |  0.3

Action                   |  1- 3 |  4- 6 |  7- 9 || total
-------------------------+-------+-------+-------++-------
Melee: Mace              |   132 |       |    45 ||   177
       War axe           |    17 |   184 |   196 ||   397
Throw: Tomahawk          |       |     3 |    19 ||    22
  Use: Scroll            |     3 |     2 |     4 ||     9
       Potion            |     1 |     2 |     6 ||     9
  Eat: Ration            |     1 |       |       ||     1
       Chunk             |       |     6 |     8 ||    14
Armor: Scale mail        |    68 |    57 |       ||   125
       Chain mail        |       |    29 |   118 ||   147
       Skin              |       |       |    29 ||    29
Dodge: Dodged            |    47 |    53 |    50 ||   150
Block: Shield            |    69 |    96 |   141 ||   306
